 Dungeon Crawl Stone Soup version 0.28-a0-1412-gf95308ed99 (webtiles) character file.

Game seed: 16306628425709795886

88 croobank the Skirmisher (level 4, 0/35 HPs)
             Began as a Demonspawn Abyssal Knight on Jan 6, 2022.
             Was a Believer of Lugonu.
             Slain by Terence (3 damage)
             ... on level 3 of the Dungeon.
             The game lasted 00:11:55 (3822 turns).

croobank the Skirmisher (Demonspawn Abyssal Knight) Turns: 3822, Time: 00:11:56

Health: 0/35       AC:  5    Str: 13    XL:     4   Next: 30%
Magic:  6/6        EV: 11    Int: 14    God:    Lugonu [**....]
Gold:   74         SH:  0    Dex: 13    Spells: 3/3 levels left

rFire   . . .      SeeInvis .   a - +1 hand axe
rCold   . . .      Faith    .   (no shield)
rNeg    . . .      Spirit   .   j - +0 leather armour
rPois   .          Reflect  .   (no helmet)
rElec   .          Harm     .   (no cloak)
rCorr   .          Rampage  .   (no gloves)
Will    .....      Clarity  +   (no boots)
Stlth   +.........              (no amulet)
HPRegen 0.11/turn               (no ring)
MPRegen 0.10/turn               (no ring)

@: no status effects
A: icy blue scales 1, weakness stinger 1, clarity, MP-powered wands
a: Renounce Religion, Depart the Abyss, Bend Space


You were on level 3 of the Dungeon.
You worshipped Lugonu.
Lugonu was pleased with you.
You visited 1 branch of the dungeon, and saw 3 of its levels.
You visited the Abyss 1 time.

You collected 74 gold pieces.

Inventory:

Hand Weapons
 a - a +1 hand axe (weapon)
 b - a +0 hunting sling
Missiles
 e - 88 stones
 l - 17 poisoned darts (quivered)
Armour
 j - a +0 leather armour (worn)
Scrolls
 f - a scroll of enchant weapon {unknown}
Potions
 c - a potion of brilliance
 m - a potion of flight


   Skills:
 + Level 3.5 Fighting
 + Level 2.4 Axes
 + Level 2.4 Armour
 + Level 1.8 Dodging
 + Level 3.3 Invocations


You had 3 spell levels left.
You didn't know any spells.
Your spell library was empty.

Dungeon Overview and Level Annotations

Branches:
Dungeon (3/15)

Altars:

Annotations:
D:2 1 runed translucent door, Crazy Yiuf
D:3 Terence


Innate Abilities, Weirdness & Mutations

You are partially covered in icy blue scales. (AC +2)
You have a small tail.
You possess an exceptional clarity of mind.
You expend magic power (3 MP) to strengthen your wands.


Message History

Terence is moderately wounded.
Terence hits you with a +0 short sword. Terence barely misses you.
You hit Terence but do no damage.
Terence is moderately wounded.
Terence hits you with a +0 short sword.
You hit Terence but do no damage.
Terence is moderately wounded.
Terence barely misses you.
You hit Terence but do no damage.
You tail-slap Terence, but do no damage.
Terence is moderately wounded.
Terence misses you.
You hit Terence but do no damage.
Terence is moderately wounded.
Terence hits you with a +0 short sword.
You hit Terence but do no damage.
Terence is moderately wounded.
Terence hits you but does no damage.
You hit Terence.
Terence is heavily wounded.
Terence hits you but does no damage.
You hit Terence.
Terence is severely wounded.
Terence closely misses you.
Terence asks, "Do you want it fast or slow?"
Terence hits you with a +0 short sword.
You barely miss Terence.
Terence is severely wounded.
Terence hits you with a +0 short sword.
* * * LOW HITPOINT WARNING * * *
You hit Terence but do no damage.
Your tail-slap misses Terence.
Terence is severely wounded.
Terence hits you with a +0 short sword.
* * * LOW HITPOINT WARNING * * *
Press: ? - help, v - describe, . - travel The floor.
You completely miss Terence.
Terence is severely wounded.
Terence hits you with a +0 short sword.
You die...

#....).####.##.
####.#.#.......# ####
............##?# #..
####.#.#.#..##.#####.#
#.#......##.##.##.####
#.##.....##.#........#
#.##[†............##.# ..
#...<.......##.##.#..##....
####.#......@@.##.......#
#.##...#.#####.#.#####
#.###.##.#####.#.# ..#
####.......#.# ###
#.....#####.# #.....# ##.##
#.....# #...# #.....# #.<.#
#.....## #...#


You could see Terence.

Vanquished Creatures
  4 adders
  A dart slug (D:2)
  An orc (D:3)
  4 endoplasms
  4 giant cockroaches (D:2)
  5 goblins
  2 hobgoblins
  2 jackals (D:2)
  4 kobolds
  4 quokkas
  8 ball pythons
  2 bats
  5 frilled lizards
  4 rats (D:2)
50 creatures vanquished.

Notes
Turn   | Place    | Note
-------+----------+-------------------------------------------
     0 | Abyss:1  | croobank the Demonspawn Abyssal Knight began the quest for
                  | the Orb.
     0 | Abyss:1  | Reached XP level 1. HP: 18/18 MP: 2/2
    66 | D:1      | Escaped the Abyss
   115 | D:1      | Reached skill level 1 in Dodging
   374 | D:1      | Gained mutation: You have a small tail. [demonic ancestry]
   374 | D:1      | Reached XP level 2. HP: 24/24 MP: 4/4
  1351 | D:2      | Found a runed translucent door.
  1352 | D:2      | Noticed Crazy Yiuf
  1472 | D:2      | Gained mutation: You are partially covered in icy blue
                  | scales. (AC +2) [demonic ancestry]
  1472 | D:2      | Reached XP level 3. HP: 26/29 MP: 5/5
  1602 | D:2      | Noticed Terence
  1626 | D:2      | Gained mutation: You expend magic power (3 MP) to
                  | strengthen your wands. [potion of mutation]
  1626 | D:2      | Gained mutation: You possess an exceptional clarity of
                  | mind. [potion of mutation]
  2954 | D:2      | Reached XP level 4. HP: 29/35 MP: 6/6
  3376 | D:3      | Found a faded altar of an unknown god.
  3557 | D:3      | Reached ** piety under Lugonu
  3822 | D:3      | Slain by Terence

Illustrated notes

Levels and vault maps discovered:
D:1:      saegor_arrival_simple_b, layout_loops_ring,
          chequers_serial_rivers_large_a
D:2:      kennysheep_big_flooded_room, layout_loops_ring, uniq_terence,
          uniq_crazy_yiuf_cottage
D:3:      layout_loops_cross, nicolae_ecumenical_oubliette, minmay_vboxes

Skill      XL: |  1  2  3 |
---------------+----------+-----
Dodging        | 1 |  1.8
Armour         | 2 |  2.4
Axes           | 2 |  2.4
Invocations    | 3 |  3.3
Fighting       | |  3.5

Action                   |  1- 3 |  4- 6 || total
-------------------------+-------+-------++-------
Melee: Hand axe          |   126 |    46 ||   172
       Punch             |     3 |       ||     3
       Tailslap          |    14 |     5 ||    19
Throw: Dart              |     1 |       ||     1
  Use: Scroll            |     8 |     1 ||     9
       Potion            |     5 |     1 ||     6
 Stab: Sleeping          |     1 |       ||     1
Armor: Leather armour    |    52 |    23 ||    75
Dodge: Dodged            |    93 |    38 ||   131

Table legend: (Time is in decaauts)
 A = Elapsed time spent in this place.
 B = Non-inter-level travel time spent in this place.
 C = Inter-level travel time spent in this place.
 D = Time resting spent in this place.
 E = Time spent auto-exploring this place.
 F = Levels seen in this place.
 G = Mean time per level.
                   A        B        C        D        E       F      G
               +--------+--------+--------+--------+--------+-----+--------+
         Total |   3840 |   3717 |    123 |   1223 |   1746 |   4 |  960.0 |
       Dungeon |   3774 |   3651 |    123 |   1223 |   1746 |   3 | 1258.0 |
         Abyss |     66 |     66 |      0 |      0 |      0 |   1 |   66.0 |
               +--------+--------+--------+--------+--------+-----+--------+

Top non-repeatable levels by time:
     D:1: 1825 daAuts
     D:2: 1801 daAuts
     D:3: 148 daAuts
 Abyss:1: 66 daAuts
